 Dungeon Crawl Stone Soup version 0.17-a0-1667-g4ca74a1 (webtiles) character file.

33 Edric the Firebug (level 3, -1/21 HPs)
             Began as a High Elf Fire Elementalist on Aug 18, 2015.
             Killed from afar by Sigmund (4 damage)
             ... with a magic dart
             ... on level 2 of the Dungeon.
             The game lasted 00:12:36 (1037 turns).

Edric the Firebug (High Elf Fire Elementalist)      Turns: 1037, Time: 00:12:36

Health: -1/21      AC:  3    Str:  7    XL:     3   Next: 12%
Magic:  0/8        EV: 18    Int: 20    God:
Gold:   24         SH:  0    Dex: 20    Spells: 3 memorised, 1 level left

rFire  . . .     SeeInvis .     e - -3 mace (curse)
rCold  . . .     Clarity  .     a - +1 robe
rNeg   . . .     SustAt   .     (no shield)
rPois  .         Gourm    .     (no helmet)
rElec  .         Spirit   .     (no cloak)
rCorr  .         Warding  .     (no gloves)
rMut   .         Stasis   .     (no boots)
MR     .....                    (no amulet)
Stlth  ++........               (no ring)
                                (no ring)

@: confused, agile, flying, very slightly contaminated, not resistant to hostile
enchantments, unstealthy
A: no striking features
a: no special abilities


You were on level 2 of the Dungeon.
You were very hungry.

You visited 1 branch of the dungeon, and saw 2 of its levels.

You collected 24 gold pieces.

Inventory:

Hand weapons
 e - a cursed -3 mace (weapon)
Missiles
 f - 3 tomahawks (quivered)
 g - 20 stones
Armour
 a - a +1 robe (worn)
Scrolls
 j - a scroll of recharging
Books
 b - a book of Flames

   Spells                             Type                      Level
   a - Flame Tongue                   Conjuration/Fire             1
   b - Throw Flame                    Conjuration/Fire             2
   c - Conjure Flame                  Conjuration/Fire             3
   d - Inner Flame                    Hexes/Fire                   3
   e - Sticky Flame                   Conjuration/Fire             4
   f - Fireball                       Conjuration/Fire             5
Comestibles
 c - a bread ration


   Skills:
 + Level 0.2 Fighting
 + Level 2.2 Dodging
 + Level 2.6 Stealth
 + Level 2.9 Spellcasting
 + Level 1.1 Conjurations
 + Level 3.6 Fire Magic


You had one spell level left.
You knew the following spells:

 Your Spells              Type           Power        Failure   Level  Hunger
a - Flame Tongue          Conj/Fire      ##...        6%          1    None
b - Throw Flame           Conj/Fire      ##....       10%         2    ##.....
c - Conjure Flame         Conj/Fire      ##......     17%         3    ###....


Dungeon Overview and Level Annotations

Branches:
Dungeon (2/15)

Altars:

Annotations:
D:2 Sigmund


Message History

Press: ? - help, Shift-Dir - straight line, f/p - Sigmund
Aim: Sigmund, wielding a scythe and wearing a robe (severely wounded)
The puff of flame hits Sigmund.
Sigmund is almost dead.
Sigmund points at you and mumbles some strange words.
You are confused.
Drink which item? (? for menu, Esc to quit)
It was a potion of flight.
You feel very buoyant.
You fly up into the air.
Sigmund points at you and mumbles some strange words.
The puff of flame hits you!
Ouch! That really hurt!
* * * LOW HITPOINT WARNING * * *
Drink which item? (? for menu, Esc to quit)
It was a potion of agility.
You feel agile all of a sudden.
Sigmund points at you and mumbles some strange words.
The magic dart hits you!
You die...

#.#..#.#######
#.#..........#
#.####.#####.# #.......#
#...#.#.#### #...#......#
#...###[####
#############...# #.#
..r..#..@.@.#...# #.# #
........###.#...# #.####.#
.....#..# #.#...###......#
#..!....###.#...@†......###
............#...#..........
###..#.#####.#.#§#.###.###
# #....@....#@........#
#.#####.#%#.......#.# ###
#.###.#...#.#.#


You could see Sigmund.

Vanquished Creatures
  An ooze (D:1)
  A giant gecko (D:1)
  3 giant cockroaches (D:1)
  3 goblins (D:1)
  4 hobgoblins (D:1)
  A ball python (D:1)
  5 bats (D:1)
  3 giant newts (D:1)
  5 kobolds
  A rat (D:1)
27 creatures vanquished.

Notes
Turn   | Place    | Note
--------------------------------------------------------------
     0 | D:1      | Edric the High Elf Fire Elementalist began the quest for the Orb.
     0 | D:1      | Reached XP level 1. HP: 11/11 MP: 4/4
   143 | D:1      | Reached XP level 2. HP: 17/17 MP: 3/6
   508 | D:1      | Learned a level 2 spell: Throw Flame
   699 | D:1      | Reached XP level 3. HP: 21/21 MP: 0/8
   785 | D:1      | Learned a level 3 spell: Conjure Flame
   997 | D:2      | Noticed Sigmund
  1037 | D:2      | Killed from afar by Sigmund

Vault maps used:
D:1:      co_arrival_random_square_maze
D:2:      nicolae_ru_the_path_less_chosen, uniq_sigmund

Action                   || total
-------------------------++-------
Melee: Mace              ||     3
       Dagger            ||     1
Throw: Stone             ||     4
       Tomahawk          ||     1
 Cast: Flame Tongue      ||    23
       Throw Flame       ||    16
       Conjure Flame     ||     1
  Use: Scroll            ||     3
       Potion            ||     4
